[Event "*** Titled Tuesday Blitz"]
[Site "Chess.com"]
[Date "2021.03.09"]
[Round "8"]
[White "kuba2006"]
[Black "axvesik"]
[Result "0-1"]
[WhiteElo "2349"]
[BlackElo "2527"]
[TimeControl "180+1"]
[EndTime "11:31:16 PST"]
[Termination "axvesik won on time"]

1. b3 e5 2. Bb2 Nc6 3. e3 d5 4. Bb5 Bd6 5. Nf3 Qe7 6. O-O Nf6 7. d4 exd4 8. exd4 O-O 9. Re1 Ne4 10. c4 Bg4 11.
cxd5 Nb4 12. Nbd2 f5 13. h3 Bh5 14. a3 Nxd5 15. Bc4 c6 16. Qc2 Rae8 17. Ne5 Kh8 18. Nxe4 fxe4 19. Qxe4 Nf4 20. Kh2 Qg5 21. g3 Nxh3 22.
Kxh3 Bxe5 23. dxe5 Rxf2 24. Bd3 Bg6 25. Qh4 Qxh4+ 26.
Kxh4 Bxd3 27. Bd4 Rh2+ 28. Kg5 h6+ 29. Kf4 g5+ 30. Ke3 Bg6 31. e6+ Kh7 0-1

[Event "*** Titled Tuesday Blitz"]
[Site "Chess.com"]
[Date "2021.03.09"]
[Round "8"]
[White "PotapovaM"]
[Black "toog"]
[Result "0-1"]
[WhiteElo "2498"]
[BlackElo "2391"]
[TimeControl "180+1"]
[EndTime "11:31:16 PST"]
[Termination "toog won by resignation"]

1. e4 c5 2. Nf3 d6 3. d4 cxd4 4. Nxd4 Nf6 5. Nc3 a6 6. Be3 e6 7. f3 b5 8. Qd2 Bb7 9. g4 b4 10.
Na4 d5 11. e5 Nfd7 12. f4 Nc6 13. O-O-O Rc8 14. Kb1 Nxd4 15. Bxd4 Bc6 16. b3 Bxa4 17. bxa4 Nc5 18. f5 Be7 19. fxe6 fxe6 20. Qf2 Ne4 21. Qf3 Rf8 22. Qh3 Nc3+ 23. Bxc3 bxc3 24. Bxa6 Rb8+ 25. Ka1 Ba3 26. Bb5+ Rxb5 27. axb5 Bb2+ 28. Kb1 Qa5 29. Rhf1 Rxf1 30. Rxf1 Qb4 0-1

[Event "*** Titled Tuesday Blitz"]
[Site "Chess.com"]
[Date "2021.03.09"]
[Round "8"]
[White "BanjoKazooieN64"]
[Black "Snegokhod"]
[Result "1-0"]
[WhiteElo "2409"]
[BlackElo "2540"]
[TimeControl "180+1"]
[EndTime "11:31:17 PST"]
[Termination "BanjoKazooieN64 won by checkmate"]

1. e4 c5 2. Nc3 Nc6 3. Nf3 g6 4. Bb5 Nd4 5. Ba4 Bg7 6. O-O e6 7. Nxd4 cxd4 8. Nb5 Qb6 9. c3 Ne7 10. Nxd4 Bxd4 11. cxd4 Qxd4 12. d3 O-O 13. Rb1 d6 14. Be3 Qg7 15. Qc2 d5 16. Bc5 f6 17. exd5 exd5 18. Rfe1 Rf7 19. Be8 Nc6 20. Bxf7+ Qxf7 21. b4 a6 22. a4 Bf5 23. Qc3 Ne5 24. Rbd1 Rc8 25.
Qb3 h5 26. d4 Nc4 27. Re7 Qf8 28. Rxb7 Qe8 29. Re7 Qc6 30. b5 axb5 31. axb5 Qa8 32. b6 Rb8 33. b7 Qa6 34. Rde1 Be4 35. f3 Nd2 36. Qb6 Qxb6 37. Bxb6 Kf8 38. Rc7 Bf5 39. Ba7 Rxb7 40. Rxb7 Nc4 41. Bc5+ Kg8 42. Re8# 1-0

[Event "*** Titled Tuesday Blitz"]
[Site "Chess.com"]
[Date "2021.03.09"]
[Round "8"]
[White "Airquake"]
[Black "djano"]
[Result "1-0"]
[WhiteElo "2607"]
[BlackElo "2467"]
[TimeControl "180+1"]
[EndTime "11:31:18 PST"]
[Termination "Airquake won by resignation"]

1. g3 c5 2. Bg2 Nc6 3. Nf3 g6 4. O-O Bg7 5. c4 e5 6. Nc3 Nge7 7. d3 O-O 8. e3 f5 9. Rb1 Kh8 10. Bd2 d6 11. b3 Be6 12. Ne2 h6 13. Bc3 d5 14. d4 exd4 15. exd4 Qb6 16. dxc5 Qxc5 17. Bxg7+ Kxg7 18. Nf4 Bf7 19. cxd5 Nxd5 20. Rc1 Qd6 21. Nd4 Rad8 22. Nxc6 bxc6 23. Qd4+ Kg8 24. Nd3 Nb6 25.
Qxd6 Rxd6 26. Ne5 Rd2 27. Rxc6 Rxa2 28. Nxg6 Re8 29. b4 Re6 30. Nf4 Rxc6 31. Bxc6 Rc2 32.
b5 a5 33. Ra1 a4 34. Nd3 Bb3 35. Kg2 Kg7 36. Kf3 Rc3 37. Ke3 Bc4 38. Kd4 Rxd3+ 39. Kc5 Bxb5 40. Bxb5 Nc8 41. Bxd3 1-0

[Event "*** Titled Tuesday Blitz"]
[Site "Chess.com"]
[Date "2021.03.09"]
[Round "8"]
[White "Anton_Demchenko"]
[Black "Bodnar_Mykola"]
[Result "0-1"]
[WhiteElo "2840"]
[BlackElo "2500"]
[TimeControl "180+1"]
[EndTime "11:31:18 PST"]
[Termination "Bodnar_Mykola won on time"]

1. e4 e5 2. Nf3 Nc6 3. Bc4 Bc5 4.
d3 Nf6 5. Bg5 h6 6. Bh4 d6 7. c3 a5 8. Nbd2 Ba7 9. O-O g5 10. Bg3 O-O 11. Re1 Nh7 12. Nf1 h5 13. h3 h4 14. Bh2 g4 15. hxg4 Bxg4 16. Ne3 Bxe3 17. Rxe3 Ng5 18. Qd2 Bxf3 19. gxf3 Qf6 20. Kh1 Kh8 21. Qe2 Ne7 22. f4 exf4 23. Qh5+ Nh7 24. Rf3 Ng6 25. Rg1 Rae8 26. Bxf7 Qxf7 27. Rxg6 Qxa2 28. Bxf4 Qf7 29. Be5+ Rxe5 30. Rxf7 Rxh5 31.
Rxc7 h3 32. Rxd6 h2 33. Rxb7 Rxf2 34. Rd8+ Nf8 0-1

[Event "*** Titled Tuesday Blitz"]
[Site "Chess.com"]
[Date "2021.03.09"]
[Round "8"]
[White "GMBenjaminFinegold"]
[Black "HackingKid98"]
[Result "1-0"]
[WhiteElo "2616"]
[BlackElo "2458"]
[TimeControl "180+1"]
[EndTime "11:31:18 PST"]
[Termination "GMBenjaminFinegold won by checkmate"]

1. d4 Nf6 2. c4 c6 3. Nc3 d5 4. Nf3 e6 5. Bg5 dxc4 6. e4 b5 7. e5 h6 8. Bh4 g5 9. exf6 gxh4 10. Ne5 Qxf6 11. a4 Bb4 12. Be2 Bb7 13. Bf3 a6 14. O-O O-O 15. Ne4 Qg7 16. axb5 axb5 17. Rxa8 Bxa8 18.
Qa1 f6 19. Ng4 f5 20. Nef6+ Kh8 21. Qxa8 fxg4 22. Nxg4 h3 23. Ra1 Bd6 24. Ra7 Rf7 25. Rxf7 Qxf7 26. Bxc6 Qf4 27. gxh3 h5 28. Ne3 Qxd4 29.
Be4 Qe5 30. Qb7 Qxh2+ 31. Kf1 Qxh3+ 32. Ke2 Kg8 33. Qh7+ Kf8 34. Bg6 Qg4+ 35. Nxg4 hxg4 36. Qf7# 1-0

[Event "*** Titled Tuesday Blitz"]
[Site "Chess.com"]
[Date "2021.03.09"]
[Round "8"]
[White "Matols"]
[Black "IMVoja"]
[Result "0-1"]
[WhiteElo "2276"]
[BlackElo "2411"]
[TimeControl "180+1"]
[EndTime "11:31:18 PST"]
[Termination "IMVoja won by resignation"]

1. d4 Nf6 2. c4 g6 3. g3 Bg7 4. Bg2 O-O 5. Nc3 d6 6. Nf3 Nc6 7. O-O e5 8. d5 Ne7 9. e4 Nd7 10.
Ne1 f5 11. Nd3 h6 12. f4 b6 13. Kh1 Rb8 14. Qc2 Nc5 15. b4 Nxd3 16. Qxd3 fxe4 17. Bxe4 Bf5 18. fxe5 Bxe5 19. Bxh6 Rf7 20. Nb5 Bxa1 21. Rxa1 Bxe4+ 22. Qxe4 Nf5 23. Bf4 Qf6 24. Rf1 Re7 25. Qd3 Rbe8 26. Nxa7 Re1 27. Nc6 Rxf1+ 28. Qxf1 Qc3 29. Kg2 Qc2+ 30. Kh3 Re2 31. g4 Ne3 32.
Ne7+ Kg7 33. Bh6+ Kxh6 34. Qf4+ Kg7 35. Qd4+ Kf7 36. Qf4+ Kxe7 37. Qg5+ Kd7 0-1

[Event "*** Titled Tuesday Blitz"]
[Site "Chess.com"]
[Date "2021.03.09"]
[Round "8"]
[White "thechesscorner64"]
[Black "Joseacorrea"]
[Result "1-0"]
[WhiteElo "2357"]
[BlackElo "2081"]
[TimeControl "180+1"]
[EndTime "11:31:18 PST"]
[Termination "thechesscorner64 won on time"]

1. e4 c5 2. Nf3 g6 3. c3 d5 4. exd5 Qxd5 5. d4 Bg7 6. Bd3 Bg4 7. Nbd2 cxd4 8. cxd4 Bxf3 9. Nxf3 Nc6 10. O-O Nf6 11. Be3 O-O 12. Qa4 a6 13. Rfd1 Rac8 14. Bc4 Qh5 15. Be2 Qd5 16. h3 e6 17. Rac1 Rfd8 18. Qa3 Qd7 19. Ne5 Nxe5 20. dxe5 Nd5 21. Bd4 Rxc1 22. Rxc1 Rc8 23. Rd1 Bf8 24. Qg3 Bc5 25.
Bxc5 Rxc5 26. Bf3 Qb5 27. Bxd5 Rxd5 28. Rxd5 Qxd5 29. f4 Qxa2 30. Qc3 Qd5 31. Qc8+ Kg7 32. Qc3 b5 33. Kh2 h6 34. Qg3 Qe4 35. Qf2 a5 36. h4 a4 37. h5 g5 38. fxg5 1-0

[Event "*** Titled Tuesday Blitz"]
[Site "Chess.com"]
[Date "2021.03.09"]
[Round "8"]
[White "Milchone1"]
[Black "Ghost_Pepper"]
[Result "1-0"]
[WhiteElo "2530"]
[BlackElo "2387"]
[TimeControl "180+1"]
[EndTime "11:31:19 PST"]
[Termination "Milchone1 won by resignation"]

1. Nf3 d5 2. c4 dxc4 3. Qa4+ c6 4. Qxc4 Nf6 5. g3 g6 6. Bg2 Bg7 7. O-O O-O 8. d4 Bg4 9. Nc3 Nbd7 10. e4 Bxf3 11.
Bxf3 e5 12. d5 cxd5 13. exd5 Nb6 14. Qb3 Rc8 15. Rd1 Qd7 16. Be3 Nc4 17. Bxa7 h5 18.
Be2 Nd6 19. Be3 h4 20. Rac1 hxg3 21. hxg3 Ng4 22. Bxg4 Qxg4 23. Qa4 Rc4 24. Qc2 Nf5 25. Qe2 Nxe3 26. Qxe3 Qh3 27. Qe2 Rb4 28. d6 Bf6 29. d7 Rd8 30. Nd5 Bh4 31. Nxb4 Bxg3 32. fxg3 Qxg3+ 33. Qg2 Qe3+ 34. Qf2 Qg5+ 35. Kf1 Qg4 36.
Nd5 Qh3+ 37. Qg2 Qf5+ 38. Qf2 Qh3+ 39. Ke2 Qg4+ 40. Qf3 Qh4 41. Nf6+ Kg7 42. Rh1 Qb4 43. Rh7+ Kf8 44. Rh8+ Ke7 45. Re8+ Rxe8 46. dxe8=Q+ Kd6 1-0

[Event "*** Titled Tuesday Blitz"]
[Site "Chess.com"]
[Date "2021.03.09"]
[Round "8"]
[White "sau6on"]
[Black "AlphaZ3r0"]
[Result "1-0"]
[WhiteElo "2401"]
[BlackElo "2250"]
[TimeControl "180+1"]
[EndTime "11:31:19 PST"]
[Termination "sau6on won by resignation"]

1. e4 c5 2. Nf3 e6 3. d4 cxd4 4. Nxd4 Nc6 5. Nc3 Qc7 6. Be3 a6 7. Bd3 Nf6 8. O-O h5 9. h3 b5 10. Nxc6 Qxc6 11. Be2 Bb7 12. Bf3 Qc7 13. e5 b4 14. exf6 bxc3 15. Bd4 cxb2 16. Bxb2 gxf6 17. Bxf6 Rg8 18. Rb1 Bxf3 19. Qxf3 d5 20. Rfe1 Be7 21. Bxe7 Qxe7 22. Qxh5 Rc8 23. Rb6 Rg6 24. Qxg6 fxg6 25. Rbxe6 Qxe6 26. Rxe6+ Kf7 27. Rxa6 Rxc2 28. Kf1 d4 29. g3 g5 30. h4 gxh4 31. gxh4 Ke7 32. h5 d3 33. Ke1 Re2+ 34. Kd1 Rxf2 35. h6 Rh2 36. h7 Kd7 37. Ra8 Rh1+ 38. Kd2 Rh2+ 39.
Kxd3 Rh3+ 40. Ke4 Rh4+ 41. Kf5 Rh5+ 42. Kg6 Rh1 1-0

[Event "*** Titled Tuesday Blitz"]
[Site "Chess.com"]
[Date "2021.03.09"]
[Round "8"]
[White "Kostukov_Alex"]
[Black "coco_crc"]
[Result "0-1"]
[WhiteElo "2303"]
[BlackElo "2213"]
[TimeControl "180+1"]
[EndTime "11:31:19 PST"]
[Termination "coco_crc won on time"]

1. e4 e5 2. Nf3 Nc6 3. d4 exd4 4. Bc4 Nf6 5. e5 d5 6. Bb5 Ne4 7. Nxd4 Bd7 8. Bxc6 bxc6 9. O-O Bc5 10. f3 Ng5 11. f4 Ne4 12. Be3 Qe7 13. Nc3 f5 14. Nxe4 fxe4 15. c4 O-O 16. cxd5 cxd5 17. Rc1 Bb6 18.
Qb3 c6 19. Nxc6 Bxc6 20. Rxc6 Bxe3+ 21. Qxe3 Qb4 22. f5 Qxb2 23. Qf4 Qd4+ 24. Kh1 Rae8 25. e6 Qf6 26. Rc7 Rxe6 27. fxe6 Qxf4 28. Rxf4 Rxf4 29.
h3 e3 30. Rc1 Re4 31. Kg1 Rxe6 32. Kf1 d4 33. Ke2 Kf7 34. Rc7+ Re7 35. Rc4 Rd7 36.
Kd3 Ke6 37. Rc5 g6 38. Ra5 Kf6 39. g4 Kg7 40. h4 Kf6 41. h5 gxh5 42. gxh5 Re7 43. a4 e2 44. Ra6+ Kf5 0-1

[Event "*** Titled Tuesday Blitz"]
[Site "Chess.com"]
[Date "2021.03.09"]
[Round "8"]
[White "SkippingLaptop"]
[Black "gisela_roque"]
[Result "1-0"]
[WhiteElo "2098"]
[BlackElo "1746"]
[TimeControl "180+1"]
[EndTime "11:31:19 PST"]
[Termination "SkippingLaptop won by resignation"]

1. d4 e6 2. c4 Nf6 3. Nc3 Bb4 4. Qc2 c5 5. dxc5 O-O 6. Nf3 Na6 7. Bf4 Bxc5 8. e3 Bb4 9. a3 Qa5 10. Nd2 Bxc3 11. bxc3 b6 12. Bd3 Bb7 13. O-O Rac8 14. e4 Nc5 15. e5 Nxd3 16. Qxd3 Nh5 17. Qf3 Nxf4 18. Qxf4 Qxc3 19. Rad1 Qxa3 20. h4 Qe7 21. h5 Rc5 22. Rfe1 Rfc8 23. h6 g6 24. Re3 Ba6 25. Ne4 Rxc4 26. Nf6+ Kh8 27. Qg3 Rc1 28.
Rxc1 Rxc1+ 29. Kh2 d5 30. Ra3 Be2 31. Qe3 Bh5 32.
Qxc1 1-0

[Event "*** Titled Tuesday Blitz"]
[Site "Chess.com"]
[Date "2021.03.09"]
[Round "8"]
[White "alexrustemov"]
[Black "VladimirPotkin"]
[Result "1-0"]
[WhiteElo "2763"]
[BlackElo "2599"]
[TimeControl "180+1"]
[EndTime "11:31:20 PST"]
[Termination "alexrustemov won by resignation"]

1. d4 f6 2. Nf3 d5 3. c4 c6 4. Nc3 dxc4 5. a4 e5 6. dxe5 Qxd1+ 7. Nxd1 Be6 8. e4 Nd7 9. Ne3 Nxe5 10. Nxe5 fxe5 11.
Bxc4 Kf7 12. Bxe6+ Kxe6 13. Ke2 Nf6 14. f3 Bc5 15.
Nc4 Rad8 16. Bd2 Bd4 17. Rab1 Rd7 18. b4 Rhd8 19. Rhc1 h6 20. a5 a6 21. Rc2 g5 22.
Rf1 Nh5 23. g3 Nf6 24. g4 Rg8 25. h3 h5 26. Ne3 Rh7 27. Nf5 hxg4 28. hxg4 Rh2+ 29.
Kd1 Nd7 30. Bc1 Rxc2 31. Kxc2 Rh8 32. Bxg5 Rh2+ 33. Kb3 Rb2+ 34. Ka3 c5 35. Nxd4+ 1-0

[Event "*** Titled Tuesday Blitz"]
[Site "Chess.com"]
[Date "2021.03.09"]
[Round "8"]
[White "mikolka1985"]
[Black "PrinceMurad09"]
[Result "1-0"]
[WhiteElo "2698"]
[BlackElo "2568"]
[TimeControl "180+1"]
[EndTime "11:31:21 PST"]
[Termination "mikolka1985 won by checkmate"]

1. d4 Nf6 2. c4 c5 3. d5 b5 4. cxb5 a6 5. bxa6 g6 6. Nc3 Bg7 7. e4 Qa5 8. a7 Rxa7 9. Bd2 Qb6 10. e5 Ng8 11. Nf3 Ba6 12. Bxa6 Qxa6 13. a4 Nh6 14. Nb5 Rb7 15. Qc1 Nf5 16. g4 Nh6 17. h3 O-O 18. O-O g5 19. Bxg5 f5 20. exf6 Rxf6 21.
Bxf6 Qxf6 22. Ng5 d6 23. Ne6 Nd7 24. Ra3 Ne5 25. Kg2 Rb8 26. f4 Ng6 27. g5 Nh4+ 28. Kh2 Qxb2+ 29. Qxb2 Bxb2 30. Ra2 N6f5 31. Rxb2 Ne3 32.
Rff2 Nxd5 33. f5 Kf7 34. Nxd6+ exd6 35. Rxb8 Ne3 36. Rb7+ Ke8 37. f6 Ng6 38. f7# 1-0

[Event "*** Titled Tuesday Blitz"]
[Site "Chess.com"]
[Date "2021.03.09"]
[Round "8"]
[White "maxip32"]
[Black "wonderfultime"]
[Result "0-1"]
[WhiteElo "2522"]
[BlackElo "2947"]
[TimeControl "180+1"]
[EndTime "11:31:21 PST"]
[Termination "wonderfultime won on time"]

1. e4 c5 2. Nf3 Nf6 3. e5 Nd5 4. b3 g6 5. Bb2 Bg7 6. g3 Nc6 7.
c4 Nc7 8. Qe2 d6 9. d3 Bg4 10.
Nbd2 Ne6 11. Qe3 Ned4 12. Nxd4 cxd4 13. Qf4 h5 14. exd6 e5 15. Qe4 Qxd6 16. Be2 Qe6 17. a3 O-O-O 18. Bxg4 hxg4 19. O-O-O f5 20. Qe2 Kb8 21.
f3 gxf3 22. Nxf3 e4 23. dxe4 fxe4 24. Ng5 Bh6 25. h4 Bxg5+ 26. hxg5 Rxh1 27. Rxh1 Qf5 28. Kb1 e3+ 29. Ka2 Qxg5 30. Qf3 Qf5 31. Qg2 a5 32. Rh7 d3 33. b4 d2 34. b5 d1=Q 35. Rxb7+ Ka8 0-1

[Event "*** Titled Tuesday Blitz"]
[Site "Chess.com"]
[Date "2021.03.09"]
[Round "8"]
[White "Leo_C"]
[Black "Steegersee"]
[Result "1-0"]
[WhiteElo "2437"]
[BlackElo "2257"]
[TimeControl "180+1"]
[EndTime "11:31:22 PST"]
[Termination "Leo_C won by checkmate"]

1. d4 Nf6 2. c4 e6 3. Nc3 Bb4 4.
e3 O-O 5. Bd3 Re8 6. Ne2 d5 7. cxd5 exd5 8. O-O c6 9. Nf4 Nbd7 10. f3 Bd6 11. Kh1 Bxf4 12. exf4 c5 13. Ne2 Qe7 14. f5 c4 15. Bf4 cxd3 16. Ng3 Nb6 17.
Qxd3 Bd7 18. Bg5 h6 19. Bh4 Qd6 20. Ne2 Nc4 21. Bg3 Qb6 22. Nf4 Ne3 23. Rfe1 Nxf5 24. Bf2 Qb5 25. Qa3 a5 26. g4 g5 27. gxf5 gxf4 28. Rg1+ Kh8 29. Qd6 Qc6 30. Qxf4 Nh7 31. Bh4 Ra6 32. f6 Qc2 33. Qxh6 Rg8 34. Rxg8+ Kxg8 35. Qg7# 1-0

[Event "*** Titled Tuesday Blitz"]
[Site "Chess.com"]
[Date "2021.03.09"]
[Round "8"]
[White "Ladislav1969"]
[Black "SARGISMV"]
[Result "1-0"]
[WhiteElo "2339"]
[BlackElo "2452"]
[TimeControl "180+1"]
[EndTime "11:31:23 PST"]
[Termination "Ladislav1969 won by resignation"]

1. e4 e6 2. d4 d5 3. e5 c5 4. c3 Nc6 5. Nf3 Nh6 6. Na3 Nf5 7. Nc2 cxd4 8. cxd4 Bd7 9. Ne3 Bb4+ 10. Bd2 Nxe3 11. fxe3 Qa5 12. Bd3 O-O 13. O-O Bxd2 14. Nxd2 h6 15.
Nb3 Qd8 16. Qg4 Qg5 17. Qh3 Nb4 18. Bb1 f5 19. a3 Na6 20. Bd3 Ba4 21. Bxa6 Bxb3 22.
Bxb7 Rab8 23. Ba6 Kh8 24. Rac1 f4 25. exf4 Rxf4 26. Qxe6 Rbf8 27. Qh3 Bc4 28. Bxc4 dxc4 29. Qc3 Qf5 30. Qe1 Qg5 31. Qe2 Qf5 32. Rxf4 Qxf4 33. Rd1 c3 34. bxc3 Rc8 35. e6 Rxc3 36. e7 Re3 37. e8=Q+ Kh7 38. Q8xe3 1-0

[Event "*** Titled Tuesday Blitz"]
[Site "Chess.com"]
[Date "2021.03.09"]
[Round "8"]
[White "anon481216"]
[Black "Iball95"]
[Result "0-1"]
[WhiteElo "2524"]
[BlackElo "2656"]
[TimeControl "180+1"]
[EndTime "11:31:24 PST"]
[Termination "Iball95 won by resignation"]

1. d4 Nf6 2. c4 e6 3. Nf3 d5 4. Nc3 Bb4 5. Bg5 h6 6. Bxf6 Qxf6 7. Qa4+ Nc6 8. e3 O-O 9. Be2 dxc4 10. O-O a6 11. Bxc4 Bd6 12. Ne4 Qe7 13. Nxd6 cxd6 14. Rac1 Bd7 15. Qa3 b5 16. Be2 Rfc8 17. Nd2 b4 18.
Qd3 a5 19. d5 Ne5 20. Qd4 exd5 21. f4 Nc6 22. Qd3 Bf5 23. Qxd5 Qxe3+ 24. Rf2 Nd4 25.
Rxc8+ Rxc8 26. Bf1 Rc1 27. g3 Bh3 28. Qa8+ Kh7 29.
Qe4+ Qxe4 30. Nxe4 Ne2+ 31. Kh1 Bxf1 32. h4 d5 33. Nd6 Nxg3+ 34. Kh2 Ne4 35. Nxe4 dxe4 36.
f5 e3 0-1

[Event "*** Titled Tuesday Blitz"]
[Site "Chess.com"]
[Date "2021.03.09"]
[Round "8"]
[White "Sagar_Raina"]
[Black "GM_Crest"]
[Result "0-1"]
[WhiteElo "2294"]
[BlackElo "2752"]
[TimeControl "180+1"]
[EndTime "11:31:24 PST"]
[Termination "GM_Crest won on time"]

1. d4 Nf6 2. c4 c5 3. d5 b5 4. cxb5 a6 5. bxa6 g6 6. Nc3 Bg7 7. e4 O-O 8. Nf3 Qa5 9. Bd2 Bxa6 10. Bxa6 Qxa6 11. Qe2 d6 12. Qxa6 Nxa6 13. O-O Rfb8 14.
b3 Nb4 15. a4 Nd7 16. Rab1 Nd3 17. Nb5 c4 18. Nc7 Ra7 19. Nb5 Ra6 20. bxc4 Rxa4 21.
Nfd4 Rxc4 22. Nc6 Re8 23. Nc7 Rf8 24. Nxe7+ Kh8 25. Nc6 Rxe4 26. Nb5 Re2 27. Be3 Nf6 28. Rfd1 Nb2 29. Nbd4 Nxd1 30. Nxe2 Nxe3 31. fxe3 Nxd5 32. e4 Nf6 33. Ng3 Rc8 34. Ne7 Re8 35. Nd5 Nxd5 36. exd5 h5 37. Rb7 Kg8 38. Kf2 Bd4+ 39. Kf3 Re3+ 40.
Kf4 Re1 41. Rd7 Be5+ 42. Kf3 Rd1 43. Ne4 Rd3+ 44. Ke2 Rxd5 45. Ke3 Kg7 0-1

[Event "*** Titled Tuesday Blitz"]
[Site "Chess.com"]
[Date "2021.03.09"]
[Round "8"]
[White "arctic_t00"]
[Black "chessmachine14"]
[Result "1-0"]
[WhiteElo "2539"]
[BlackElo "2338"]
[TimeControl "180+1"]
[EndTime "11:31:25 PST"]
[Termination "arctic_t00 won on time"]

1. d4 Nf6 2. Nf3 g6 3. Nbd2 d5 4. e3 Bg7 5. b4 O-O 6. Bb2 a5 7. b5 a4 8. Ba3 c6 9. bxc6 Nxc6 10. Bd3 Re8 11. O-O e5 12. dxe5 Ng4 13. Rb1 Ngxe5 14. h3 Nxd3 15. cxd3 Bf5 16. Rxb7 Bxd3 17. Re1 Na5 18.
Rb4 Bc3 19. Rxa4 Nc4 20. Nxc4 Bxe1 21. Nd6 Rxa4 22. Qxa4 Re6 23. Nxe1 Be2 24. Qc2 Ba6 25. Qc6 Bc8 26. Nf3 Bd7 27. Qxd5 Qb8 28. Nd4 Qb1+ 29. Kh2 Rf6 30. Ne4 Qb8+ 31. Bd6 Qd8 32. Nxf6+ Qxf6 33.
Bg3 1-0

[Event "*** Titled Tuesday Blitz"]
[Site "Chess.com"]
[Date "2021.03.09"]
[Round "8"]
[White "kamilianin235"]
[Black "JiiHart"]
[Result "1-0"]
[WhiteElo "2271"]
[BlackElo "2070"]
[TimeControl "180+1"]
[EndTime "11:31:26 PST"]
[Termination "kamilianin235 won on time"]

1. e4 c5 2. Nf3 Nc6 3. Bb5 g6 4. Bxc6 dxc6 5. d3 Bg7 6. h3 e5 7.
O-O Qc7 8. a3 Nf6 9. b4 cxb4 10.
axb4 Be6 11. Nbd2 h6 12. Ba3 Nd7 13. Qe2 O-O 14. Nc4 Bxc4 15. dxc4 Rfe8 16. Rfd1 Rad8 17. Bb2 Nf8 18. Rxd8 Rxd8 19. Rxa7 Ne6 20. Ra1 Nf4 21. Qe3 Qd6 22. c5 Qe6 23. Kh2 h5 24. Ng5 Qd7 25. Nf3 f6 26. Qb3+ Kh7 27. Ra7 Bh6 28. Bc1 Qe7 29. Be3 Rd7 30. Ra8 Ne6 31. Bxh6 Kxh6 32. Qe3+ Kg7 33. c3 Nf4 34. Qe1 Qe6 35. Ra7 Qc4 36. Ra3 Rd3 37. Ng1 Qe6 38. Qc1 g5 39. g3 Ng6 40. Qc2 Qd7 41. Kg2 1-0

[Event "*** Titled Tuesday Blitz"]
[Site "Chess.com"]
[Date "2021.03.09"]
[Round "8"]
[White "Kislov_Oleg"]
[Black "Guzman70"]
[Result "1-0"]
[WhiteElo "2476"]
[BlackElo "2342"]
[TimeControl "180+1"]
[EndTime "11:31:27 PST"]
[Termination "Kislov_Oleg won by resignation"]

1. d4 Nf6 2. Nc3 d5 3. Bg5 Nbd7 4. Nf3 e6 5. e4 Bb4 6. e5 h6 7. Bd2 Bxc3 8. bxc3 Ne4 9. Bd3 c5 10. O-O Nxd2 11. Qxd2 Qa5 12. Rfb1 c4 13. Be2 Qa3 14. Nh4 g5 15. Nf3 Nb6 16. h4 g4 17. Nh2 h5 18. f3 Na4 19. fxg4 Qxc3 20. Qf4 hxg4 21. Nxg4 Nb6 22. Rf1 Rf8 23. Nf6+ Ke7 24. Qg5 Qxd4+ 25. Kh1 Kd8 26. Nxd5+ f6 27. Rxf6 Nxd5 28. Rxf8+ Kc7 29. Qd8+ Kc6 30. Qd6+ Kb5 31. Rb1+ Ka4 32. Rf3 Qxh4+ 33.
Rh3 Qxh3+ 34. gxh3 a5 35. Bxc4 Nb4 36. Qc5 Bd7 37. Bb3+ Ka3 38. c3 Rc8 39. Qxa5+ 1-0

[Event "*** Titled Tuesday Blitz"]
[Site "Chess.com"]
[Date "2021.03.09"]
[Round "8"]
[White "noblerone"]
[Black "Fore_Man"]
[Result "1-0"]
[WhiteElo "2394"]
[BlackElo "2249"]
[TimeControl "180+1"]
[EndTime "11:31:27 PST"]
[Termination "noblerone won by resignation"]

1. d4 e6 2. Nf3 Nf6 3. Bg5 d5 4. Nbd2 Be7 5. e3 O-O 6. Bd3 c5 7. c3 Nbd7 8. O-O h6 9. Bh4 Qc7 10. Qe2 b6 11. Rac1 Bb7 12. e4 dxe4 13. Nxe4 Rfe8 14.
Bg3 Qd8 15. Nd6 Bxd6 16. Bxd6 cxd4 17. Nxd4 Nc5 18. Bxc5 bxc5 19. Nf3 Qb6 20. Rfd1 Bxf3 21. Qxf3 Qxb2 22. a4 Rad8 23. Bb5 Rf8 24. h3 Nd5 25. Rf1 Qd2 26. Rfd1 Qf4 27. Qxf4 Nxf4 28. Kf1 e5 29. h4 g5 30. hxg5 hxg5 31. g3 Ne6 32. Bc4 Kg7 33.
Bxe6 fxe6 34. Ke2 Kf6 35. Rb1 Rxd1 36. Rxd1 Rb8 37. Rd7 Rb2+ 38. Ke3 Rd2 39. Rxd2 1-0

[Event "*** Titled Tuesday Blitz"]
[Site "Chess.com"]
[Date "2021.03.09"]
[Round "8"]
[White "Grieve72"]
[Black "Oglob71"]
[Result "0-1"]
[WhiteElo "2501"]
[BlackElo "2398"]
[TimeControl "180+1"]
[EndTime "11:31:28 PST"]
[Termination "Oglob71 won by checkmate"]

1. d4 Nf6 2. Bg5 Ne4 3. Bf4 d5 4. e3 Bf5 5. f3 Nf6 6. g4 Bc8 7. c4 e6 8. Nc3 dxc4 9. Bxc4 Nd5 10. Nge2 Nxf4 11. Nxf4 Bd6 12. Qc2 Qh4+ 13. Ke2 O-O 14.
Ne4 Bxf4 15. exf4 Nc6 16. Rad1 Rd8 17. Ke3 Nb4 18. Qf2 Qxf2+ 19. Kxf2 Bd7 20. a3 Nd5 21.
Bxd5 exd5 22. Nc3 c6 23. Rhe1 Re8 24. h4 Kf8 25. f5 f6 26. Ne2 b6 27. Nf4 Kf7 28.
Rxe8 Rxe8 29. Re1 Rxe1 30. Kxe1 Ke7 31. Kd2 Be8 32. b4 Bf7 33. Ke3 Kd6 34. Nd3 Be8 35.
Nf4 Bf7 36. Kd3 c5 37. dxc5+ bxc5 38. bxc5+ Kxc5 39. Kd2 Kd6 40. Ke3 Kc5 41. Nd3+ Kc4 42.
Nf4 d4+ 43. Kd2 Bd5 44. Ke2 a5 45. Nh5 Kc3 46. Nf4 Bc4+ 47. Kd1 d3 48. g5 Bb3+ 49. Ke1 d2+ 50. Kf2 d1=Q 51. g6 hxg6 52. fxg6 Qd2+ 53.
Kg3 Qd6 54. Kg4 Be6+ 55. Kh5 Qe5# 0-1

[Event "*** Titled Tuesday Blitz"]
[Site "Chess.com"]
[Date "2021.03.09"]
[Round "8"]
[White "Aslanov_Umid"]
[Black "LenkaPtacnikova"]
[Result "1-0"]
[WhiteElo "2414"]
[BlackElo "2136"]
[TimeControl "180+1"]
[EndTime "11:31:28 PST"]
[Termination "Aslanov_Umid won by resignation"]

1. e4 c5 2. Nf3 e6 3. d4 cxd4 4. Nxd4 a6 5. Bd3 Nc6 6. Nb3 b5 7. O-O Nf6 8. Be3 Be7 9. Qf3 O-O 10.
Qg3 Nh5 11. Qh3 g6 12. f4 d5 13. f5 dxe4 14. Bxe4 Qc7 15. fxg6 hxg6 16. Nc3 b4 17. Ne2 e5 18. Qf3 Bb7 19. Nc5 Nf6 20. Nxb7 Nxe4 21. Qxe4 Qxb7 22. Bh6 Rfe8 23. Qd5 Bf8 24. Bxf8 Rxf8 25.
Rf6 Qa7+ 26. Kh1 Ne7 27. Qxe5 Nf5 28. Nf4 Rfe8 29. Qd5 Kg7 30. Rxf5 gxf5 31. Qxf5 Qb6 32. Rf1 Ra7 33. Nh5+ Kh8 34. Nf6 1-0

[Event "*** Titled Tuesday Blitz"]
[Site "Chess.com"]
[Date "2021.03.09"]
[Round "8"]
[White "FMalexhdez"]
[Black "rachidhuilda"]
[Result "1-0"]
[WhiteElo "2179"]
[BlackElo "2262"]
[TimeControl "180+1"]
[EndTime "11:31:28 PST"]
[Termination "FMalexhdez won on time"]

1. e4 c5 2. Nf3 e6 3. d4 cxd4 4. Nxd4 a6 5. c4 Nf6 6. Nc3 Bb4 7. Bd3 Nc6 8. Nc2 Bxc3+ 9. bxc3 Qa5 10. Qd2 O-O 11.
Ba3 Re8 12. Bd6 b6 13. e5 Nxe5 14. O-O Nxd3 15. Qxd3 Bb7 16. Nd4 Qg5 17. Qh3 Rac8 18. f4 Qg4 19. Qxg4 Nxg4 20. Rfb1 Rxc4 21. Rxb6 Be4 22.
Ne2 a5 23. Ra6 a4 24. Rd1 Ne3 25. Rd4 Rxd4 26. Nxd4 Nxg2 27. Rxa4 Ne3 28. Rb4 f5 29. a4 Ra8 30. Rb8+ Rxb8 31. Bxb8 Nd5 32. Nb5 Bd3 33. Be5 1-0

[Event "*** Titled Tuesday Blitz"]
[Site "Chess.com"]
[Date "2021.03.09"]
[Round "8"]
[White "Meri-Arabidze"]
[Black "Leonid_Starozhilov"]
[Result "0-1"]
[WhiteElo "2574"]
[BlackElo "2698"]
[TimeControl "180+1"]
[EndTime "11:31:34 PST"]
[Termination "Leonid_Starozhilov won by checkmate"]

1. d4 Nf6 2. c4 g6 3. Nf3 Bg7 4.
g3 d6 5. Bg2 O-O 6. O-O c6 7.
Nc3 Bf5 8. Ne1 d5 9. b3 Ne4 10. Nxe4 Bxe4 11. Bb2 Bxg2 12. Nxg2 dxc4 13. bxc4 c5 14.
e3 Nc6 15. Rb1 cxd4 16. exd4 Nxd4 17. Bxd4 Qxd4 18. Qxd4 Bxd4 19. Rxb7 e6 20. Ne3 Rfc8 21. Rc1 Rc6 22. Kg2 Rac8 23. Kf3 Kg7 24. Rc2 h5 25. h4 Bb6 26. Rd7 a5 27. Rb2 Bxe3 28. fxe3 Rxc4 29.
Rbb7 Rf8 30. Ra7 Rc5 31. a4 Rf5+ 32. Ke4 Rc8 33. Rd4 Rcc5 34. Rb7 Rce5+ 35. Kd3 Rf3 36. Rb5 Rexe3+ 37. Kc4 Rc3# 0-1